 Dungeon Sprint DCSS version 0.31-a0-1-g4198be8af4 (webtiles) character file.

Game seed: 274196785968601555

22167 sircluck the Executioner (level 12, -2/210 HPs)
             Began as a Hill Orc Berserker on May 2, 2023.
             Was the Champion of Trog.
             Slain by a deep troll earth mage (8 damage)
             ... in the Dungeon (Sprint IX: "|||||||||||||||||||||||||||||").
             The game lasted 00:07:36 (2770 turns).

sircluck the Executioner (Hill Orc Berserker)       Turns: 2770, Time: 00:07:37

Health: -2/210     AC: 26    Str: 25    XL:     12   Next: 97%
Magic:  12/12      EV: 16    Int:  7    God:    Trog [******]
Gold:   812        SH:  0    Dex: 10    Spells: 11/11 levels left

rFire   + . .        A - +6 battleaxe (flame)
rCold   . . .        (shield currently unavailable)
rNeg    . . .        z - +4 chain mail {rF+}
rPois   .            (no helmet)
rElec   .            E - +1 cloak {Stlth+}
rCorr   .            y - +1 pair of gloves
SInv    .            (no boots)
Will    .....        (no amulet) Stlth
                     n - +2 ring of protection
HPRegen 0.55/turn    r - +5 ring of evasion
MPRegen 0.13/turn

%: no teleportation
@: berserking, very quick
A: no striking features
a: Renounce Religion, Berserk, Trog's Hand, Brothers in Arms


You were in the Dungeon.
You worshipped Trog.
Trog was exalted by your worship.
You visited 1 branch You collected 1927 gold pieces.
You spent 1115 gold pieces at shops.

Inventory:

Hand Weapons
 a - a +0 hand axe
 k - a +3 heavy war axe
 x - a +3 heavy battleaxe
 A - a +6 battleaxe of flaming (weapon)
Missiles
 B - 4 throwing nets (quivered)
Armour
 y - a +1 pair of gloves (worn)
 z - a +4 chain mail of fire resistance (worn)
 E - a +1 cloak of stealth (worn)
Jewellery
 n - a +2 ring of protection (left hand)
 o - a +3 ring of intelligence
 r - a +5 ring of evasion (right hand)
 C - a ring of ice
 D - a ring of protection from cold
 F - a ring of poison resistance
Wands
 j - a wand of roots (10)
Scrolls
 h - a scroll of blinking
 s - 3 scrolls of fog
 t - 8 scrolls of enchant armour
 u - 3 scrolls of identify
 v - 5 scrolls of enchant weapon
Potions
 c - 6 potions of curing
 d - 8 potions of heal wounds
 e - a potion of haste
 f - 4 potions of magic
 g - 2 potions of berserk rage
 i - a potion of invisibility
 p - a potion of resistance
 q - a potion of cancellation
 G - 2 potions of might


   Skills:
 + Level 23.1 Fighting
 + Level 23.5 Axes
 + Level 18.7 Armour
 + Level 7.3 Dodging
 + Level 3.5 Stealth


You had 11 spell levels left.
You didn't know any spells.
Your spell library was empty.

Dungeon Overview and Level Annotations

Branches:
Dungeon (1/1)

Altars:
Cheibriados
Dithmenos
Elyvilon
Fedhas
Gozag
Hepliaklqana
Kikubaaqudgha
Makhleb
Nemelex Xobeh
Okawaru
Qazlal
Ru
Sif Muna
Trog
Uskayaw
Vehumet
Wu Jian
Xom
Yredelemnul
Zin
The Shining One
Beogh
Jiyva
Lugonu

Shops:
D *?![


Message History

The boulder beetle is almost dead.
You carve the boulder beetle like a ham!!!
You burn the boulder beetle.
You kill the boulder beetle!
Trog accepts your kill.
You feel much better. The ice dragon misses you.
The ice dragon barely misses you. The ice dragon tramples you!
* * * LOW HITPOINT WARNING * * *
You stumble backwards!
A red film seems to cover your vision as you go berserk!
You feel yourself moving faster!
You feel mighty! The ice dragon barely misses you.
The ice dragon completely misses you. The ice dragon closely misses you.
You slash the ice dragon! You burn the ice dragon.
The ice dragon is lightly wounded.
You hit the ice dragon. You burn the ice dragon.
The ice dragon is lightly wounded.
The ice dragon breathes frost at you. The blast of cold hits you!
* * * LOW HITPOINT WARNING * * *
You slice the ice dragon like a ripe choko!!!
You burn the ice dragon!
You kill the ice dragon!
Trog accepts your kill. Trog grants you a weapon!
Something appears at your feet!
You see here a +1 antimagic battleaxe.
The ice dragon scales are intact enough to wear.
Your Fighting skill increases to level 23!
The deep troll earth mage gestures next to you while chanting.
The wall shatters!
The blast of rock fragments hits you!
* * * LOW HITPOINT WARNING * * *
Items here: [[[[[ †.
You slash the deep troll earth mage! You burn the deep troll earth mage.
The deep troll earth mage is moderately wounded.
You slash the deep troll earth mage! You burn the deep troll earth mage.
The deep troll earth mage is severely wounded.
The deep troll earth mage bites you!!
* * * LOW HITPOINT WARNING * * *
The deep troll earth mage claws you!
You die...

▓_▓.▓.▓.▓.▓.▓.▓
▓_▓.▓.▓.▓.▓.▓.▓
▓_▓.▓.▓.▓.▓.▓!▓
▓_▓.▓.▓.▓.▓.▓.▓
▓_▓.▓.▓.▓.▓.▓.▓
▓_▓.▓.▓.▓.▓.▓.▓
▓_▓.▓.▓.▓)▓.▓.▓
▓_▓.▓.▓.▓[▓.▓)▓
▓'▓.▓)▓.▓)▓.▓@▓
▓.▓.▓.▓.▓.▓.▓T▓
▓?▓.▓.▓.▓.▓.▓)▓
▓)▓.▓.▓.▓.▓.▓†▓
▓.▓.▓.▓.▓.▓.▓)▓
▓[▓.▓.▓.▓∩▓.▓.▓
▓.▓.▓.▓.▓.▓.▓.▓
▓.▓.▓.▓.▓∩▓.▓.▓
▓.▓.▓.▓.▓.▓.▓.▓


You could see a deep troll earth mage.

Vanquished Creatures
  An ettin (D)
  A rakshasa (D)
  An ice dragon (D)
  Harold (D)
  2 hydras (D)
  2 ogre magi (D)
  A boulder beetle (D)
  A centaur warrior (D)
  A death yak (D)
  An iron troll (D)
  4 deep trolls (D)
  A wizard (D)
  2 lindwurms (D)
  3 orc knights (D)
  2 manticores (D)
  3 ugly things (D)
  2 cane toads (D)
  4 komodo dragons (D)
  A kobold demonologist (D)
  A tengu conjurer (D)
  An efreet (D)
  A komodo dragon (shapeshifter) (D)
  6 trolls (D)
  A wind drake (shapeshifter) (D)
  2 tyrant leeches (D)
  2 yaks (D)
  A basilisk (D)
  2 water moccasins (D)
  11 orc warriors (D)
  A centaur (D)
  2 wights (D)
  2 howler monkeys (D)
  2 hounds (D)
  4 orc priests (D)
  An iguana (D)
  2 orc wizards (D)
  4 worms (D)
  A dart slug (D)
  5 orcs (D)
  An endoplasm (D)
  A ball python (D)
  3 frilled lizards (D)
91 creatures vanquished.

Vanquished Creatures (collateral kills)
  A hydra (D)
  3 cane toads (D)
  A komodo dragon (D)
  A blink frog (D)
  A dream sheep (D)
  A bullfrog (D)
8 creatures vanquished.

Grand Total: 99 creatures vanquished

Notes
Turn   | Place    | Note
-------+----------+-------------------------------------------
     0 | D        | sircluck the Hill Orc Berserker began the quest for the
                  | Orb.
     0 | D        | Reached XP level 1. HP: 19/19 MP: 1/1
    14 | D        | Reached ** piety under Trog
    38 | D        | Noticed a howler monkey
    38 | D        | Noticed a hound
    38 | D        | Noticed an iguana
    38 | D        | Noticed a hound
    40 | D        | Reached skill level 5 in Axes
    40 | D        | Reached XP level 2. HP: 28/28 MP: 2/2
    43 | D        | Killed a howler monkey
    43 | D        | Reached *** piety under Trog
    44 | D        | Reached XP level 3. HP: 37/37 MP: 3/3
    52 | D        | Reached XP level 4. HP: 45/45 MP: 4/4
    59 | D        | Reached XP level 5. HP: 53/53 MP: 5/5
    85 | D        | Found a roughly hewn altar of Beogh.
    85 | D        | Found a snail-covered altar of Cheibriados.
    85 | D        | Found a shadowy altar of Dithmenos.
    85 | D        | Found a white marble altar of Elyvilon.
    85 | D        | Found a blossoming altar of Fedhas.
    85 | D        | Found an opulent altar of Gozag.
    86 | D        | Found a hazy altar of Hepliaklqana.
    87 | D        | Found a viscous altar of Jiyva.
    88 | D        | Found an ancient bone altar of Kikubaaqudgha.
    89 | D        | Found a corrupted altar of Lugonu.
    90 | D        | Found a burning altar of Makhleb.
    91 | D        | Found a sparkling altar of Nemelex Xobeh.
    92 | D        | Found an iron altar of Okawaru.
    93 | D        | Found a stormy altar of Qazlal.
    94 | D        | Found a sacrificial altar of Ru.
    95 | D        | Found a shimmering blue altar of Sif Muna.
    96 | D        | Found a bloodstained altar of Trog.
    97 | D        | Found a hide-covered altar of Uskayaw.
    98 | D        | Found a radiant altar of Vehumet.
    99 | D        | Found an ornate altar of the Wu Jian Council.
   100 | D        | Found a shimmering altar of Xom.
   101 | D        | Found a basalt altar of Yredelemnul.
   102 | D        | Found a glowing silver altar of Zin.
   103 | D        | Found a glowing golden altar of the Shining One.
   150 | D        | Noticed a yak
   150 | D        | Noticed a kobold demonologist
   150 | D        | Noticed a centaur
   152 | D        | Killed a yak
   152 | D        | Reached **** piety under Trog
   153 | D        | Reached XP level 6. HP: 66/66 MP: 6/6
   155 | D        | Reached skill level 10 in Fighting
   155 | D        | Reached skill level 5 in Armour
   157 | D        | Noticed a rust devil
   170 | D        | Killed a kobold demonologist
   171 | D        | Reached XP level 7. HP: 15/74 MP: 7/7
   225 | D        | HP: 3/74 [wight/+5 spear (7)]
   226 | D        | Reached ***** piety under Trog
   490 | D        | Noticed a manticore
   490 | D        | Noticed an efreet
   490 | D        | Noticed a purple ugly thing
   490 | D        | Noticed a komodo dragon
   490 | D        | Noticed a white ugly thing
   490 | D        | Noticed a manticore
   496 | D        | Killed a manticore
   497 | D        | Reached skill level 15 in Axes
   497 | D        | Reached XP level 8. HP: 60/85 MP: 8/8
   501 | D        | Killed an efreet
   505 | D        | Killed a purple ugly thing
   509 | D        | Killed a komodo dragon
   510 | D        | Reached skill level 10 in Armour
   510 | D        | Reached XP level 9. HP: 87/94 MP: 9/9
   514 | D        | Killed a white ugly thing
   519 | D        | Killed a manticore
   519 | D        | Received a gift from Trog
   520 | D        | Reached skill level 5 in Dodging
   799 | D        | Noticed a komodo dragon
   799 | D        | Noticed a komodo dragon
   799 | D        | Noticed a cane toad
   801 | D        | Noticed a komodo dragon
   803 | D        | Killed a komodo dragon
   804 | D        | Reached skill level 15 in Fighting
   804 | D        | Noticed a death yak
   811 | D        | Killed a komodo dragon
   811 | D        | Noticed a cane toad
   817 | D        | Reached XP level 10. HP: 106/106 MP: 10/10
   827 | D        | Killed a death yak
   830 | D        | Killed a cane toad
   833 | D        | Reached ****** piety under Trog
   833 | D        | Received a gift from Trog
   835 | D        | HP: 1/108 [cane toad (7)]
   838 | D        | Killed a cane toad
  1104 | D        | Noticed a seven-headed hydra
  1104 | D        | Noticed a cane toad
  1105 | D        | Noticed a cane toad
  1109 | D        | Killed an eight-headed hydra
  1109 | D        | Noticed a cane toad
  1110 | D        | Killed a cane toad
  1113 | D        | Killed a cane toad
  1113 | D        | Killed a cane toad
  1114 | D        | Reached XP level 11. HP: 118/118 MP: 11/11
  1126 | D        | Reached skill level 15 in Armour
  1134 | D        | Noticed a lindwurm
  1134 | D        | Noticed a lindwurm
  1144 | D        | Received a gift from Trog
  1147 | D        | Killed a lindwurm
  1154 | D        | Killed a lindwurm
  1298 | D        | Noticed an orc knight
  1311 | D        | Killed an orc knight
  1312 | D        | Reached skill level 1 in Stealth
  1320 | D        | Received a gift from Trog
  1873 | D        | Received a gift from Trog
  1922 | D        | Noticed an orc knight
  1934 | D        | Killed an orc knight
  1934 | D        | Noticed an orc knight
  1942 | D        | Killed an orc knight
  1944 | D        | Received a gift from Trog
  2227 | D        | Found Ileawec's Assorted Antiques.
  2227 | D        | Noticed a deep troll
  2227 | D        | Noticed a deep troll
  2227 | D        | Noticed an iron troll
  2229 | D        | Received a gift from Trog
  2232 | D        | Noticed an ogre mage
  2236 | D        | Killed a deep troll
  2241 | D        | Killed an iron troll
  2242 | D        | Killed a deep troll
  2249 | D        | Killed an ogre mage
  2249 | D        | Received a gift from Trog
  2250 | D        | Reached XP level 12. HP: 86/134 MP: 12/12
  2250 | D        | Found Xaor's Magic Scroll Shoppe.
  2254 | D        | Found Dayhif's Distillery.
  2257 | D        | Found Pozitoon's Armour Shoppe.
  2264 | D        | Noticed an ogre mage
  2274 | D        | Paralysed by something for 2 turns
  2278 | D        | Killed an ogre mage
  2464 | D        | Bought a potion of heal wounds for 110 gold pieces
  2464 | D        | Bought a scroll labelled DIUG TAQITH for 22 gold pieces
  2464 | D        | Bought 2 potions of curing for 132 gold pieces
  2466 | D        | Bought a scroll of enchant weapon for 82 gold pieces
  2468 | D        | Bought a potion of heal wounds for 60 gold pieces
  2468 | D        | Bought a potion of heal wounds for 60 gold pieces
  2468 | D        | Bought 2 potions of heal wounds for 120 gold pieces
  2468 | D        | Bought a potion of heal wounds for 60 gold pieces
  2468 | D        | Bought a potion of heal wounds for 60 gold pieces
  2470 | D        | Bought a +4 chain mail of fire resistance for 409 gold
                  | pieces
  2573 | D        | Noticed Harold
  2582 | D        | Killed Harold
  2582 | D        | Received a gift from Trog
  2626 | D        | Found the +7 sceptre of Torment {pain, torment}
  2638 | D        | Found the +3 warlock's mirror {omnireflect}
  2699 | D        | Noticed a centaur warrior
  2699 | D        | Noticed a four-headed hydra
  2699 | D        | Noticed a boulder beetle
  2699 | D        | Noticed a six-headed hydra
  2714 | D        | Killed a centaur warrior
  2718 | D        | Killed a one-headed hydra
  2720 | D        | Noticed an ettin
  2722 | D        | Killed a two-headed hydra
  2732 | D        | Noticed an ice dragon
  2734 | D        | Received a gift from Trog
  2736 | D        | Noticed a rakshasa
  2741 | D        | Noticed a deep troll earth mage
  2748 | D        | Killed an ettin
  2755 | D        | HP: 1/139 [rakshasa/+0 long sword (14)]
  2758 | D        | Killed a rakshasa
  2762 | D        | Killed a boulder beetle
  2767 | D        | Killed an ice dragon
  2767 | D        | Received a gift from Trog
  2770 | D        | HP: 6/210 [deep troll earth mage (18)]
  2770 | D        | Slain by a deep troll earth mage

Illustrated notes

Levels and vault maps discovered:
D:        linesprint [early_d, line_temple, items_1, d_10, items_2, lair_1,
          lair_end, items_3, orc_1, orc_end, items_4, d_15, swamp_1, shoals_1,
          snake_1, spider_1, d_20, vaults_1, items_5, swamp_end, shoals_end,
          snake_end, spider_end, vaults_end, d_27, items_6, zot_1, zot_end,
          crypt_end, forest_end, elf_end, slime_end, tomb_end, abyss_end,
          pan_hell_end]

Skill      XL: |  1  2  3  4  5  6  7  8  9 10 11 12 |
---------------+-------------------------------------+-----
Fighting       | 4 6 8 9 11 12 13 15 17 20 23 | 23.1
Axes           | 5 7 8 9 11 13 15 16 18 19 21 23 | 23.5
Armour         | 3 4 6 8 10 12 14 17 18 | 18.7
Dodging        | 2 3 4 5 6 7 |  7.3
Stealth        | 2 3 |  3.5

Action                     |  1- 3 |  4- 6 |  7- 9 | 10-12 || total
---------------------------+-------+-------+-------+-------++-------
  Melee: Hand axe          |    28 |     6 |       |       ||    34
         War axe           |       |    19 |    48 |    78 ||   145
         Punch             |       |       |       |     2 ||     2
         Battleaxe         |       |       |       |   129 ||   129
 Invoke: Berserk           |     1 |       |     3 |     1 ||     5
         Brothers in Arms  |       |       |       |     1 ||     1
    Use: Potion            |       |     1 |     1 |     4 ||     6
         Scroll            |       |       |       |     2 ||     2
   Stab: Petrified         |       |       |       |     1 ||     1
 Armour: Animal skin       |     3 |       |       |       ||     3
         Chain mail        |       |     6 |    18 |    71 ||    95
  Dodge: Dodged            |    14 |    16 |    18 |   112 ||   160

Table legend: (Time is in decaauts)
 A = Elapsed time spent in this place.
 B = Non-inter-level travel time spent in this place.
 C = Inter-level travel time spent in this place.
 D = Time resting spent in this place.
 E = Time spent auto-exploring this place.
 F = Levels seen in this place.
 G = Mean time per level.
                   A        B        C        D        E       F      G
               +--------+--------+--------+--------+--------+-----+--------+
         Total |   2789 |   2374 |    415 |    506 |    979 |   1 | 2789.0 |
       Dungeon |   2789 |   2374 |    415 |    506 |    979 |   1 | 2789.0 |
               +--------+--------+--------+--------+--------+-----+--------+

Top non-repeatable levels by time:
       D: 2789 daAuts
